 Dungeon Sprint DCSS version 0.29.1-14-g9c671dbff4 (webtiles) character file.

Game seed: 12274268044960120328

122 Groucho the Lightning Rod (level 5, -5/32 (35) HPs)
             Began as a Gargoyle Fighter on Feb 12, 2023.
             Was a Follower of Qazlal.
             Slain by a +1 flail of protection (6 damage)
             ... in the Dungeon (Sprint V: "Ziggurat Sprint").
             The game lasted 00:01:39 (286 turns).

Groucho the Lightning Rod (Gargoyle Fighter)         Turns: 286, Time: 00:01:40

HP:   -5/32 (35)    AC: 31    Str: 22    XL:     5   Next: 6%
MP:   9/9           EV:  0    Int:  8    God:    Qazlal [*.....]
Gold: 0             SH: 28    Dex:  9    Spells: 4/4 levels left

rFire   . . .      SeeInvis .   C - +6 shillelagh "Devastator" {shatter}
rCold   . . .      Faith    .   B - +18 shield of the Gong {rElec rN+ Will+ EV-5}
rNeg    + + .      Spirit   .   A - +15 Maxwell's patent armour {-Cast -Tele rElec Will+ rCorr}
rPois   ∞          Reflect  .   (no helmet)
rElec   +          Harm     .   (no cloak)
rCorr   +          Rampage  .   (no gloves)
Will    ++...      NoTele   +   (no boots)
Stlth   .......... NoCast   +   (no amulet)
HPRegen 0.10/turn               (no ring)
MPRegen 0.11/turn               (no ring)

@: drained
A: sickness immunity, AC +4, negative energy resistance 1, electricity
resistance, torment resistance 1, petrification resistance
a: Renounce Religion


You were in the Dungeon.
You worshipped Qazlal.
Qazlal was aware of your devotion.
You visited 1 branch

Inventory:

Hand Weapons
 C - the +6 shillelagh "Devastator" (weapon) {shatter}
   (You found it in the Dungeon)

   It releases a powerful concussive burst when it strikes, dealing extra damage
   to the target and all other foes adjacent to them.
Armour
 a - +5 gold dragon scales
 A - the +15 Maxwell's patent armour (worn) {-Cast -Tele rElec Will+ rCorr}
   (You found it in the Dungeon)

   rElec:     It insulates you from electricity.
   -Cast:     It prevents spellcasting.
   -Tele:     It prevents most forms of teleportation.
   rCorr:     It protects you from acid and corrosion.
   Will:      It increases your willpower.
 B - the +18 shield of the Gong (worn) {rElec rN+ Will+ EV-5}
   (You found it in the Dungeon)

   It is deafeningly noisy when blocking attacks.
   EV:        It affects your evasion (-5).
   rElec:     It insulates you from electricity.
   rN:        It protects you from negative energy.
   Will:      It increases your willpower.
Jewellery
 t - a ring of flight
 u - a +6 ring of dexterity
 v - a +6 ring of dexterity
 w - a +6 ring of intelligence
 x - a +6 ring of intelligence
 y - a +6 ring of strength
 z - a +6 ring of strength
Wands
 q - a wand of mindburst (7)
 r - a wand of iceblast (7)
 s - a wand of quicksilver (7)
Scrolls
 j - 4 scrolls of blinking
 m - 4 scrolls of amnesia
 n - 7 scrolls of fog
 o - 5 scrolls of identify
 p - 2 scrolls of fear
Potions
 b - 2 potions of brilliance
 c - 2 potions of invisibility
 d - 6 potions of might
 e - 10 potions of curing
 f - 8 potions of heal wounds
 g - 6 potions of haste
 h - 7 potions of magic
 i - 3 potions of berserk rage
 k - 4 potions of resistance
 l - a potion of experience


   Skills:
 + Level 5.2 Fighting
 + Level 4.3 Maces & Flails
 + Level 5.3 Armour
 + Level 5.2 Shields
 * Level 6.0 Invocations


You had 4 spell levels left.
You didn't know any spells.
Your spell library contained the following spells:

 Spells                   Type           Power      Damage    Failure   Level
 Leda's Liquefaction      Hex/Erth       0%         N/A       100%        4
 Lee's Rapid Deconstruct  Erth           0%         3d5*      100%        5
 Statue Form              Tmut/Erth      Unusable   N/A       N/A         6

Dungeon Overview and Level Annotations

Branches:
Dungeon (1/1)

Altars:
Ashenzari
Cheibriados
Dithmenos
Elyvilon
Fedhas
Gozag
Hepliaklqana
Kikubaaqudgha
Makhleb
Nemelex Xobeh
Okawaru
Qazlal
Ru
Sif Muna
Trog
Uskayaw
Vehumet
Wu Jian
Xom
Yredelemnul
Zin
The Shining One
Jiyva
Lugonu

Annotations:
D 1 transporter


Innate Abilities, Weirdness & Mutations

You are immune to sickness and miasma.
Your stone body is resilient. (AC +4)
You are immune to poison.
You resist negative energy. (rN+)
You are resistant to electric shocks. (rElec)
You are resistant to unholy torment.
You are immune to petrification.


Message History

Unknown command.
Unknown command.
Unknown command.
You completely miss the +1 flail of protection.
The +1 flail of protection is severely damaged.
You block the +1 flail of protection's attack.
GONNNNG!
You block the +1 flail of protection's attack.
GONNNNG!
The ghostly deep elf death mage casts a spell at you.
The bolt of negative energy hits you. You partially resist.
You feel drained. The fire elemental hits you.
The deep elf pyromancer hits you but does no damage.
Unknown command.
Unknown command.
You completely miss the +1 flail of protection.
The +1 flail of protection is heavily damaged.
You block the +1 flail of protection's attack.
BONNNG!
The fire elemental hits you. The fire elemental burns you!
You block the deep elf pyromancer's attack.
GONNNNG!
The ghostly deep elf death mage hits you but does no damage.
The +1 flail of protection hits you but does no damage.
The fire elemental hits you. The fire elemental burns you!
* * * LOW HITPOINT WARNING * * *
You sock the +1 flail of protection!
There is a shattering impact!
The fire elemental is moderately damaged.
You kill the deep elf pyromancer!
Qazlal accepts your kill.
You are now surrounded by a storm.
The fire elemental disappears in a puff of smoke! x3
The ghostly deep elf death mage is lightly damaged.
The +1 flail of protection is almost destroyed.
You block the +1 flail of protection's attack.
GONNNNG!
The ghostly deep elf death mage gestures at you while chanting.
The bolt of negative energy hits you. You partially resist.
You feel drained.
* * * LOW HITPOINT WARNING * * *
The +1 flail of protection hits you.
You die...

▓▓▓▓▓▓▓▓▓▓▓▓▓
▓.8©8.▓.8©8.▓
▓.}}}.▓.....▓
▓.....▓.[...▓
▓.....▓.....▓
▓..°..▓.....▓
▓.§(e.▓..©..▓
▓§)@..▓▓▓▓▓▓▓
▓▓▓▓▓▓▓


You could see a ghostly deep elf death mage and a +1 flail of protection.

Vanquished Creatures
  A deep elf pyromancer (D)
  2 scorpions (D)
3 creatures vanquished.

Notes
Turn   | Place    | Note
-------+----------+-------------------------------------------
     0 | D        | Groucho the Gargoyle Fighter began the quest for the Orb.
     0 | D        | Reached XP level 1. HP: 14/14 MP: 1/1
    18 | D        | Found a blossoming altar of Fedhas.
    18 | D        | Found the +6 Majin-Bo {vamp, MP+6 Int+6}
    18 | D        | Found the +9 heavy crossbow "Sniper" {vorpal, Acc+∞ SInv}
    18 | D        | Found the +10 dark maul {vorpal}
    18 | D        | Found the +15 Maxwell's patent armour {-Cast -Tele rElec
                  | Will+ rCorr}
    18 | D        | Found the +18 shield of the Gong {rElec rN+ Will+ EV-5}
    18 | D        | Found the +14 obsidian axe {vorpal, Mesm Drain Fly SInv}
    18 | D        | Found the +7 great mace "Firestarter" {inner flame, rF++}
    18 | D        | Found the +6 shillelagh "Devastator" {shatter}
    18 | D        | Found the +11 plutonium sword {Contam Stlth-}
    18 | D        | Found the +8 lance "Wyrmbane" {slay drac, rPois rF+ rC+
                  | AC+3}
    18 | D        | Found the +9 sword of Zonguldrok {reap}
    18 | D        | Found the +13 scythe of Curses {drain, Drain}
    18 | D        | Found the +5 sword of Power {vorpal}
    18 | D        | Found the +7 mace of Variability {chain chaos}
    18 | D        | Found the +7 Singing Sword {vorpal, sonic wave}
    18 | D        | Found the +8 storm bow {elec, penet}
    21 | D        | Found a shimmering blue altar of Sif Muna.
    21 | D        | Found a sacrificial altar of Ru.
    21 | D        | Found a bloodstained altar of Trog.
    21 | D        | Found a stormy altar of Qazlal.
    21 | D        | Found an iron altar of Okawaru.
    21 | D        | Found a sparkling altar of Nemelex Xobeh.
    23 | D        | Found a transporter.
    23 | D        | Found an ancient bone altar of Kikubaaqudgha.
    23 | D        | Found a viscous altar of Jiyva.
    23 | D        | Found a corrupted altar of Lugonu.
    23 | D        | Found a hazy altar of Hepliaklqana.
    23 | D        | Found a burning altar of Makhleb.
    23 | D        | Found an opulent altar of Gozag.
    83 | D        | Became a worshipper of Qazlal Stormbringer
    96 | D        | Entered arena 2.
    96 | D        | Noticed a scorpion
    96 | D        | Noticed a scorpion
    96 | D        | Found a transporter.
    98 | D        | Killed a scorpion
    98 | D        | Killed a scorpion
    99 | D        | Reached skill level 5 in Fighting
    99 | D        | Reached skill level 5 in Armour
    99 | D        | Reached skill level 5 in Shields
    99 | D        | Reached skill level 6 in Invocations
    99 | D        | Reached XP level 2. HP: 21/21 MP: 1/6
    99 | D        | Reached XP level 3. HP: 26/26 MP: 1/7
    99 | D        | Reached XP level 4. HP: 31/31 MP: 1/8
    99 | D        | Reached XP level 5. HP: 35/35 MP: 1/9
   273 | D        | Entered arena 3.
   273 | D        | Noticed a +1 flail of protection
   273 | D        | Noticed a deep elf death mage
   273 | D        | Noticed a deep elf pyromancer
   273 | D        | Found a transporter.
   276 | D        | Noticed a fire elemental
   276 | D        | Noticed a fire elemental
   282 | D        | Noticed a fire elemental
   282 | D        | Noticed a fire elemental
   283 | D        | Killed a deep elf death mage
   286 | D        | Killed a deep elf pyromancer
   286 | D        | Reached * piety under Qazlal
   286 | D        | HP: 1/32 [ghostly deep elf death mage/bolt of negative
                  | energy (5)]
   286 | D        | Slain by a +1 flail of protection

Illustrated notes

Levels and vault maps discovered:
D:        sprint_v [room_start, room_1, room_2, room_3, room_4, room_5, room_6,
          room_7, room_8, room_9, room_10, room_11, room_12, room_13, room_14,
          room_15, room_16, room_17, room_18, room_19, room_20, room_21,
          room_22, room_23, room_24, room_25, room_26, room_27]

Skill      XL: |  1 |
---------------+----+-----
Fighting       | 5 |  5.2
Maces & Flails | 4 |  4.3
Armour         | 5 |  5.3
Shields        | 5 |  5.2
Invocations    | 6 |  6.0

Action                   |  1- 3 |  4- 6 || total
-------------------------+-------+-------++-------
Melee: Shillelagh        |     1 |    10 ||    11
  Use: Potion            |       |     2 ||     2
Armor: Plate armour      |       |    25 ||    25
Dodge: Dodged            |       |     1 ||     1
Block: Kite shield       |       |    23 ||    23
